General information
- name: BNet
- type: Ladder team game (AT/RT)
- host: Battle.net
- saver: NotMyWesteros
map: Battleground
- players: 8
- length: 29:29
- speed: Fast
- version: 1.28 W3XP
- replay type: Public
» download(251 KB)
Players
team 1 (loser)

»
4K-TOD (
teal | 121 APM | 1245 actions | 10:18)
2 Dark Ranger
1 Black Arrow
1 Silence
1 Priestess of the Moon
1 Trueshot Aura
» actions
| Assign group hotkey | 146 | |
| Basic commands | 167 | |
| Build / train | 51 | |
| Enter build submenu | 8 | |
| Enter hero's abilities submenu | 3 | |
| Right click | 366 | |
| Select / deselect | 120 | |
| Select group hotkey | 367 | |
| Use ability | 17 | |
1245 total
» units
» upgrades
| Improved Bows | 1 | |
| Strength of the Moon | 1 | |
2 total
» buildings
| Moon Well | 4 | |
| Altar of Elders | 1 | |
| Ancient of War | 2 | |
| Tree of Ages | 3 | |
| Hunter's Hall | 1 | |
11 total
» build order
00:21 Moon Well
00:25 Altar of Elders
00:32 Ancient of War
01:29 Moon Well
02:09 Moon Well
03:40 Tree of Ages
03:40 Tree of Ages
03:40 Tree of Ages
04:14 Hunter's Hall
05:03 Ancient of War
06:49 Moon Well
Lifftd (
yellow | 37 APM | 385 actions | 10:16)
2 Blademaster
1 Critical Strike
1 Wind Walk
» actions
| Assign group hotkey | 9 | |
| Build / train | 23 | |
| ESC pressed | 1 | |
| Enter build submenu | 15 | |
| Enter hero's abilities submenu | 2 | |
| Remove unit from queue | 1 | |
| Right click | 162 | |
| Select / deselect | 78 | |
| Select group hotkey | 62 | |
| Use ability | 32 | |
385 total
» units
» upgrades
» buildings
| Orc Burrow | 6 | |
| Altar of Storms | 1 | |
| War Mill | 1 | |
| Watch Tower | 2 | |
| Voodoo Lounge | 1 | |
| Stronghold | 1 | |
| Fortress | 0 | |
| Beastiary | 4 | |
16 total
» build order
00:33 Orc Burrow
00:37 Altar of Storms
01:05 War Mill
02:21 Orc Burrow
02:35 Watch Tower
02:38 Voodoo Lounge
02:49 Stronghold
04:40 Orc Burrow
04:51 Orc Burrow
05:14 Fortress
05:18 Watch Tower
05:19 Beastiary
05:21 Beastiary
06:58 Beastiary
08:51 Beastiary
08:59 Orc Burrow
09:01 Orc Burrow
» items
| Healing Salve | 1 | |
| Scroll of Speed | 1 | |
| Boots of Speed | 1 | |
| Circlet of Nobility | 2 | |
| Potion of Lesser Invulnerability | 1 | |
6 total

»
kyuoto (
red | 59 APM | 596 actions | 10:04)
2 Blademaster
1 Wind Walk
1 Critical Strike
1 Shadow Hunter
1 Healing Wave
» actions
| Assign group hotkey | 11 | |
| Basic commands | 40 | |
| Build / train | 32 | |
| Enter build submenu | 12 | |
| Enter hero's abilities submenu | 3 | |
| Give item / drop item | 2 | |
| Right click | 244 | |
| Select / deselect | 83 | |
| Select group hotkey | 135 | |
| Use ability | 34 | |
596 total
» units
| Peon | 7 | |
| Grunt | 7 | |
| Raider | 2 | |
| Spirit Walker | 2 | |
18 total
» upgrades
| Berserker Strength | 1 | |
| Ensnare | 1 | |
2 total
» buildings
| Altar of Storms | 1 | |
| Orc Burrow | 6 | |
| Barracks | 1 | |
| Voodoo Lounge | 1 | |
| Stronghold | 2 | |
| War Mill | 1 | |
| Beastiary | 1 | |
| Spirit Lodge | 1 | |
| Fortress | 2 | |
16 total
» build order
00:08 Altar of Storms
00:18 Orc Burrow
00:38 Barracks
01:28 Orc Burrow
02:01 Voodoo Lounge
02:53 Stronghold
02:53 Stronghold
03:47 Orc Burrow
03:49 War Mill
05:50 Beastiary
06:35 Spirit Lodge
07:54 Orc Burrow
07:57 Orc Burrow
08:01 Orc Burrow
08:29 Fortress
08:29 Fortress
» items
GAMEOFTHRONESS7 (
orange | 70 APM | 2075 actions | 29:28)
6 Blademaster
3 Wind Walk
2 Critical Strike
1 Bladestorm
» actions
| Assign group hotkey | 27 | |
| Basic commands | 46 | |
| Build / train | 87 | |
| Enter build submenu | 44 | |
| Enter hero's abilities submenu | 6 | |
| Give item / drop item | 5 | |
| Remove unit from queue | 1 | |
| Right click | 843 | |
| Select / deselect | 270 | |
| Select group hotkey | 581 | |
| Use ability | 165 | |
2075 total
» units
| Peon | 33 | |
| Wind Rider | 4 | |
| Wisp | 6 | |
| Troll Batrider | 6 | |
| Raider | 3 | |
52 total
» upgrades
| Reinforced Defenses | 1 | |
| Liquid Fire | 1 | |
| Ranged Weapons | 1 | |
| Armor | 1 | |
| Melee Weapons | 2 | |
| Pillage | 1 | |
7 total
» buildings
| Altar of Storms | 1 | |
| Orc Burrow | 4 | |
| Voodoo Lounge | 3 | |
| Stronghold | 3 | |
| War Mill | 1 | |
| Beastiary | 2 | |
| Fortress | 2 | |
| Watch Tower | 50 | |
| Ancient Protector | 5 | |
| Moon Well | 8 | |
| Great Hall | 1 | |
80 total
» build order
00:06 Altar of Storms
00:17 Orc Burrow
00:41 Voodoo Lounge
02:06 Stronghold
02:06 Stronghold
02:06 Stronghold
02:27 Orc Burrow
02:50 War Mill
03:04 Orc Burrow
04:19 Orc Burrow
04:41 Beastiary
04:45 Beastiary
05:10 Fortress
05:10 Fortress
05:28 Watch Tower
05:30 Watch Tower
06:03 Watch Tower
06:16 Watch Tower
07:00 Watch Tower
07:21 Watch Tower
08:20 Watch Tower
09:07 Watch Tower
10:36 Ancient Protector
10:36 Ancient Protector
10:37 Ancient Protector
10:37 Ancient Protector
10:38 Ancient Protector
10:47 Watch Tower
10:48 Watch Tower
10:48 Watch Tower
11:24 Watch Tower
11:25 Watch Tower
11:32 Watch Tower
11:32 Watch Tower
11:32 Watch Tower
11:33 Watch Tower
11:37 Watch Tower
11:41 Watch Tower
11:41 Watch Tower
11:42 Watch Tower
11:47 Watch Tower
11:48 Watch Tower
11:48 Watch Tower
11:49 Watch Tower
11:49 Watch Tower
12:35 Watch Tower
13:01 Watch Tower
13:02 Watch Tower
13:44 Watch Tower
15:27 Watch Tower
15:27 Watch Tower
15:27 Watch Tower
16:51 Watch Tower
16:51 Watch Tower
16:52 Watch Tower
19:51 Watch Tower
19:52 Watch Tower
19:57 Watch Tower
19:59 Watch Tower
21:16 Moon Well
21:16 Moon Well
21:16 Moon Well
21:17 Moon Well
22:38 Moon Well
22:41 Moon Well
22:58 Watch Tower
22:59 Watch Tower
23:08 Watch Tower
23:08 Watch Tower
23:27 Watch Tower
23:27 Watch Tower
23:44 Watch Tower
23:45 Watch Tower
23:45 Watch Tower
23:46 Watch Tower
25:36 Moon Well
25:45 Voodoo Lounge
26:00 Voodoo Lounge
26:21 Great Hall
26:59 Moon Well
» items
| Healing Salve | 2 | |
| Lesser Clarity Potion | 4 | |
| Staff of Teleportation | 1 | |
| Orb of Lightning | 1 | |
| Scroll of Town Portal | 2 | |
| Potion of Mana | 1 | |
| Boots of Speed | 1 | |
| Potion of Healing | 1 | |
| Tiny Great Hall | 1 | |
14 total
team 2 (winner)

»
Le.bon (
purple | 73 APM | 1381 actions | 18:51)
6 Mountain King
3 Storm Bolt
2 Bash
1 Avatar
» actions
| Assign group hotkey | 50 | |
| Basic commands | 13 | |
| Build / train | 57 | |
| Enter build submenu | 22 | |
| Enter hero's abilities submenu | 6 | |
| Give item / drop item | 3 | |
| Right click | 574 | |
| Select / deselect | 249 | |
| Select group hotkey | 325 | |
| Use ability | 81 | |
1381 total
» units
| Peasant | 17 | |
| Footman | 3 | |
| Rifleman | 7 | |
| Forest Troll Berserker | 1 | |
28 total
» upgrades
| Gunpowder | 3 | |
| Armor | 2 | |
| Long Rifles | 1 | |
6 total
» buildings
| Farm | 7 | |
| Altar of Kings | 1 | |
| Barracks | 3 | |
| Blacksmith | 1 | |
| Arcane Vault | 1 | |
| Keep | 1 | |
| Castle | 1 | |
| Workshop | 3 | |
18 total
» build order
00:05 Farm
00:26 Altar of Kings
00:38 Barracks
00:49 Farm
01:43 Farm
02:11 Blacksmith
02:49 Arcane Vault
04:08 Farm
05:03 Farm
05:05 Barracks
05:06 Barracks
05:39 Farm
06:16 Keep
09:03 Castle
09:04 Farm
14:33 Workshop
14:33 Workshop
14:34 Workshop
» items
| Scroll of Regeneration | 5 | |
| Lesser Clarity Potion | 2 | |
| Scroll of Town Portal | 2 | |
| Potion of Healing | 2 | |
| Scroll of Healing | 1 | |
| Dust of Appearance | 1 | |
| Boots of Speed | 1 | |
14 total
ooosss (
blue | 74 APM | 2181 actions | 29:28)
5 Far Seer
3 Feral Spirit
2 Chain Lighting
4 Shadow Hunter
2 Serpent Ward
2 Healing Wave
» actions
| Assign group hotkey | 20 | |
| Basic commands | 238 | |
| Build / train | 57 | |
| ESC pressed | 5 | |
| Enter build submenu | 20 | |
| Enter hero's abilities submenu | 9 | |
| Give item / drop item | 1 | |
| Right click | 868 | |
| Select / deselect | 435 | |
| Select group hotkey | 386 | |
| Use ability | 142 | |
2181 total
» units
| Peon | 8 | |
| Grunt | 9 | |
| Demolisher | 6 | |
| Troll Headhunter/Berserker | 5 | |
28 total
» upgrades
| Armor | 1 | |
| Melee Weapons | 1 | |
| Berserker Strength | 1 | |
| Ranged Weapons | 1 | |
4 total
» buildings
| Altar of Storms | 1 | |
| Barracks | 2 | |
| Orc Burrow | 10 | |
| War Mill | 1 | |
| Voodoo Lounge | 1 | |
| Stronghold | 5 | |
| Watch Tower | 4 | |
24 total
» build order
00:13 Altar of Storms
00:19 Barracks
00:26 Orc Burrow
01:36 Orc Burrow
02:41 War Mill
02:57 Voodoo Lounge
03:59 Stronghold
03:59 Stronghold
04:00 Stronghold
05:20 Barracks
05:32 Orc Burrow
06:18 Orc Burrow
13:10 Orc Burrow
13:11 Orc Burrow
13:13 Orc Burrow
21:55 Orc Burrow
21:56 Orc Burrow
21:57 Orc Burrow
22:56 Watch Tower
23:06 Watch Tower
23:12 Watch Tower
23:18 Watch Tower
» items
| Boots of Speed | 1 | |
| Healing Salve | 2 | |
| Lesser Clarity Potion | 2 | |
| Scroll of Speed | 2 | |
| Potion of Healing | 1 | |
8 total
jetaimepaul (
green | 56 APM | 1450 actions | 25:42)
5 Death Knight
3 Death Coil
2 Unholy Aura
4 Lich
2 Frost Nova
2 Frost Armor
1 Naga Sea Witch
1 Frost Arrows
» actions
| Assign group hotkey | 21 | |
| Basic commands | 1 | |
| Build / train | 53 | |
| Enter build submenu | 12 | |
| Enter hero's abilities submenu | 10 | |
| Give item / drop item | 1 | |
| Right click | 594 | |
| Select / deselect | 197 | |
| Select group hotkey | 456 | |
| Use ability | 105 | |
1450 total
» units
| Acolyte | 4 | |
| Ghoul | 3 | |
| Crypt Fiend | 7 | |
| Forest Troll Shadow Priest | 1 | |
| Forest Troll Berserker | 1 | |
| Obsidian Statue | 4 | |
| Frost Wyrm | 3 | |
23 total
» upgrades
| Creature Attack | 1 | |
| Web | 1 | |
| Creature Carapace | 1 | |
| Freezing Breath | 1 | |
4 total
» buildings
| Graveyard | 1 | |
| Crypt | 1 | |
| Altar of Darkness | 1 | |
| Ziggurat | 7 | |
| Tomb of Relics | 1 | |
| Halls of the Dead | 1 | |
| Slaughterhouse | 1 | |
| Black Citadel | 1 | |
| Sacrificial Pit | 1 | |
| Boneyard | 1 | |
| Spirit Tower | 5 | |
21 total
» build order
00:14 Graveyard
00:17 Crypt
00:54 Altar of Darkness
00:58 Ziggurat
01:17 Tomb of Relics
01:41 Ziggurat
03:32 Ziggurat
04:51 Halls of the Dead
05:34 Ziggurat
07:14 Slaughterhouse
07:51 Black Citadel
10:39 Sacrificial Pit
10:41 Ziggurat
10:42 Ziggurat
10:42 Ziggurat
11:35 Boneyard
15:16 Spirit Tower
15:18 Spirit Tower
15:19 Spirit Tower
15:42 Spirit Tower
15:59 Spirit Tower
» items
| Rod of Necromancy | 2 | |
| Lesser Clarity Potion | 2 | |
| Scroll of Regeneration | 1 | |
5 total
NotMyWesteros (
pink | 72 APM | 2129 actions | 29:29)
5 Blademaster
3 Wind Walk
2 Critical Strike
» actions
| Assign group hotkey | 215 | |
| Basic commands | 240 | |
| Build / train | 63 | |
| Enter build submenu | 37 | |
| Enter hero's abilities submenu | 5 | |
| Give item / drop item | 7 | |
| Remove unit from queue | 1 | |
| Right click | 928 | |
| Select / deselect | 314 | |
| Select group hotkey | 222 | |
| Use ability | 97 | |
2129 total
» units
| Peon | 18 | |
| Grunt | 4 | |
| Troll Batrider | 2 | |
| Wind Rider | 7 | |
31 total
» upgrades
| Armor | 3 | |
| Envenomed Spears | 1 | |
| Reinforced Defenses | 1 | |
| Ranged Weapons | 3 | |
8 total
» buildings
| Orc Burrow | 6 | |
| Altar of Storms | 1 | |
| Barracks | 1 | |
| Voodoo Lounge | 1 | |
| Stronghold | 1 | |
| War Mill | 2 | |
| Beastiary | 5 | |
| Fortress | 1 | |
| Great Hall | 1 | |
| Watch Tower | 20 | |
39 total
» build order
00:11 Orc Burrow
00:52 Altar of Storms
00:53 Barracks
01:07 Orc Burrow
01:50 Voodoo Lounge
03:07 Stronghold
04:04 War Mill
04:17 Orc Burrow
04:42 Orc Burrow
05:55 Beastiary
05:55 Beastiary
06:00 Beastiary
08:24 Fortress
12:07 Great Hall
12:13 Watch Tower
12:13 Watch Tower
12:14 Watch Tower
12:14 Watch Tower
12:14 Watch Tower
12:14 Watch Tower
12:17 Watch Tower
12:17 Watch Tower
12:18 Watch Tower
12:53 Beastiary
12:57 Beastiary
13:53 Watch Tower
13:54 Watch Tower
13:55 Watch Tower
15:28 Watch Tower
15:30 Watch Tower
15:33 Watch Tower
15:35 Watch Tower
15:55 War Mill
16:09 Watch Tower
16:11 Watch Tower
16:14 Watch Tower
16:16 Watch Tower
16:30 Orc Burrow
17:49 Orc Burrow
» items
| Healing Salve | 5 | |
| Potion of Mana | 2 | |
| Orb of Lightning | 1 | |
| Periapt of Vitality | 2 | |
| Staff of Teleportation | 1 | |
| Potion of Lesser Invulnerability | 2 | |
| Scroll of Town Portal | 1 | |
| Dust of Appearance | 1 | |
15 total
Chat log
(00:06 / Allies) jetaimepaul: 10g plz
(00:09 / Allies) jetaimepaul: 100g
(00:15 / Allies) Le.bon: massing
(00:16 / Allies) Le.bon: rush
(00:25 / Allies) jetaimepaul: sure
(00:27 / Allies) jetaimepaul: 2v2?
(00:29 / Allies) Le.bon: ya
(00:31 / Allies) NotMyWesteros: I'm creep
(00:42 / Allies) NotMyWesteros: I like creep not rush
(00:44 / Allies) jetaimepaul: hit after
(01:01 / Allies) ooosss: what u go pink?
(01:08 / Allies) NotMyWesteros: air
(02:24 / Allies) NotMyWesteros: I go bat
(02:29 / Allies) ooosss: k
(02:43 / Allies) jetaimepaul: shop
(02:44 / Allies) jetaimepaul: plz
(02:46 / Allies) jetaimepaul: purple
(05:23 / Allies) jetaimepaul: heal
(05:45 / Allies) NotMyWesteros: b
(07:02 / Allies) Le.bon: go back
(07:29 / All) GAMEOFTHRONESS7: blue mh?
(07:35 / Allies) ooosss: what
(07:44 / All) ooosss: ?
(08:11 / Allies) NotMyWesteros: I said I creep not rush
(08:15 / Allies) NotMyWesteros: so why you bring 3 to my doorstep
(08:22 / Allies) NotMyWesteros: and purple creeps while I don't get to
(08:46 / Allies) jetaimepaul: b
(08:54 / Allies) Le.bon: grabing heal n comin
(08:56 / Allies) jetaimepaul: go help
(09:02 / Allies) jetaimepaul: i got yellow
(09:32 / Allies) jetaimepaul: go help
(09:47 / Allies) Le.bon: th b up
(10:04 / Allies) jetaimepaul: im good here
(10:22 / All) GAMEOFTHRONESS7: jesus
(10:31 / All) jetaimepaul: GG
(11:09 / 9) NotMyWesteros: yu see my wishpers?
(11:11 / All) jetaimepaul: leave plz
(11:15 / All) jetaimepaul: no chance
(11:19 / 9) NotMyWesteros: lumber
(11:22 / All) NotMyWesteros: lumber
(11:49 / All) Le.bon: dont be that guys
(13:02 / All) NotMyWesteros: lumber plz
(13:23 / 9) NotMyWesteros: tower both bases
(13:33 / 9) NotMyWesteros: red has shit in m ybase
(14:00 / Allies) NotMyWesteros: need lumber bad
(14:09 / All) GAMEOFTHRONESS7: u nubs suck!!
(14:22 / 9) NotMyWesteros: I'll drop cloak of flames in ur base
(14:27 / All) Le.bon: lol
(14:44 / 9) NotMyWesteros: can u even reach it lol
(15:15 / 9) NotMyWesteros: I don't think you can reach it but I didn't have vision of ur base when I dropepd it there
(15:48 / Allies) NotMyWesteros: lumber please purple and blue
(16:37 / All) Le.bon: send me a shade green
(17:16 / 9) NotMyWesteros: omw
(18:44 / All) Le.bon: hooo
(18:46 / All) Le.bon: that game haha
(19:25 / Allies) jetaimepaul: juest end polz
(19:32 / All) GAMEOFTHRONESS7: leave plz
(19:34 / All) GAMEOFTHRONESS7: dont be that guy
(20:33 / Allies) jetaimepaul: pink
(20:39 / Allies) jetaimepaul: stop and end the game
(20:50 / Allies) NotMyWesteros: I do what I want
(21:23 / Allies) jetaimepaul: idior
(22:12 / All) GAMEOFTHRONESS7: leave noobs
(23:00 / All) NotMyWesteros: damn
(23:04 / All) NotMyWesteros: my team got molested by me
(23:13 / All) NotMyWesteros: thanks for the lumber, chumps! LOL
(23:47 / All) NotMyWesteros: bad spot to tp lol
(24:44 / All) NotMyWesteros: mop up purp and blue base
(25:10 / All) NotMyWesteros: green made it easy and unsummoned everything
(25:21 / All) GAMEOFTHRONESS7: dumb nub should have done that 10 min ago
(25:33 / All) NotMyWesteros: start expanding
(25:46 / All) NotMyWesteros: in case I drop
(26:12 / All) NotMyWesteros: finish purp and blue bases
(27:20 / All) GAMEOFTHRONESS7: blue stole ur creeps?
(27:28 / All) NotMyWesteros: the shop inbteween us
(27:32 / All) NotMyWesteros: tehn he started attacking bottom
(27:36 / All) NotMyWesteros: so I couldn't creep reds
(28:21 / All) NotMyWesteros: blue's are the last buildings
(28:59 / All) NotMyWesteros: lawl
(29:15 / All) NotMyWesteros: last building
(29:18 / All) NotMyWesteros: I guess blue has nothing to say